 Dungeon Crawl Stone Soup version 0.31.0-12-g77e489cdc1 (webtiles) character file.

Game seed: 13564722349275020677

14 monsoonserge the Sneak (level 2, -3/16 HPs)
             Began as a Spriggan Delver on Feb 21, 2024.
             Slain by a river rat (7 damage)
             ... in a sewer.
             The game lasted 00:02:31 (413 turns).

monsoonserge the Sneak (Spriggan Delver)             Turns: 413, Time: 00:02:32

Health: -3/16      AC:  2    Str:  8    XL:     2   Next: 31%
Magic:  3/3        EV: 17    Int: 11    God:
Gold:   31         SH:  0    Dex: 16    Spells: 1/1 levels left

rFire   . . .        a - +0 short sword
rCold   . . .        (no shield)
rNeg    . . .        b - +0 robe
rPois   .            (helmet restricted)
rElec   .            (no cloak)
rCorr   .            (gloves unavailable)
SInv    +            (boots unavailable)
Will    .....        (no amulet)
Stlth   ++++         (no ring)
HPRegen 0.22/turn    (no ring)
MPRegen 0.08/turn

%: no passive effects
@: very quick
A: very small, no large weapons, unfitting armour, see invisible, speed 3
a: no special abilities


You were in a sewer.
You visited 1 branch of the dungeon, and saw 2 of its levels.
You also visited: Sewer.

You collected 31 gold pieces.

Inventory:

Hand Weapons
 a - a +0 short sword (weapon)
Armour
 b - a +0 robe (worn)
Talismans
 j - a dragon-blood talisman
Wands
 g - a wand of digging (3)
 h - a wand of roots (12)
Scrolls
 c - a scroll of fog
 d - a scroll of revelation
 e - a scroll of fear
 i - a scroll of amnesia {unknown}
 k - a scroll of identify {unknown}
Potions
 f - a potion of curing {unknown}


   Skills:
 + Level 2.5 Fighting
 + Level 2.2 Short Blades
 + Level 2.8 Dodging
 + Level 7.9 Stealth


You had one spell level left.
You didn't know any spells.
Your spell library was empty.

Dungeon Overview and Level Annotations

Branches:
Dungeon (5/15)              Sewer (1/1)
 Temple: D:4-7

Altars:

Annotations:
D:5 Eustachio


Innate Abilities, Weirdness & Mutations

You are very small and have problems with some larger weapons.
You are too small for most types of armour.
You have supernaturally acute eyesight. (SInv)
You cover ground extremely quickly. (Speed+++)


Message History

The river rat is heavily wounded.
The river rat misses you.
You hit the river rat but do no damage.
The river rat is heavily wounded.
The river rat closely misses you.
You hit the river rat but do no damage.
The river rat is heavily wounded.
The river rat closely misses you.
You closely miss the river rat.
The river rat is heavily wounded.
The river rat bites you!
You hit the river rat.
The river rat is severely wounded.
The river rat misses you.
You hit the river rat but do no damage.
The river rat is severely wounded.
The river rat barely misses you.
You closely miss the river rat.
The river rat is severely wounded.
The river rat closely misses you.
You hit the river rat but do no damage.
The river rat is severely wounded.
The river rat completely misses you.
You barely miss the river rat.
The river rat is severely wounded.
You barely miss the river rat.
The river rat is severely wounded.
The river rat misses you.
You hit the river rat but do no damage.
The river rat is severely wounded.
The river rat misses you.
You hit the river rat.
The river rat is almost dead.
The river rat bites you.
* * * LOW HITPOINT WARNING * * *
You are too injured to fight recklessly!
You hit the river rat but do no damage.
The river rat is almost dead.
The river rat bites you!
You die...

##PP.. ~# #~#
#~PP.~#~# P~.
#PP~..#~# ..~~
#P~~..#~#....~
#~~..#~#..~.#
#..~..~....
##~.~...#
##.~~r@.#
#~~~..###
#.P.########
#P~P~~~~~~~~
#...########
#........P###
##...∩∩.P~P.#
#≈≈....#~#P~#
#≈≈≈≈≈.#~# P#


You could see a river rat.

Vanquished Creatures
  An adder (Sewer)
  An ufetubus (D:4)
2 creatures vanquished.

Notes
Turn   | Place    | Note
-------+----------+-------------------------------------------
     0 | D:5      | monsoonserge the Spriggan Delver began the quest for the
                  | Orb.
     0 | D:5      | Reached XP level 1. HP: 11/11 MP: 2/2
     3 | D:5      | Noticed a scorpion
    29 | D:5      | Noticed Eustachio
    40 | D:5      | Noticed a jelly
    55 | D:5      | Noticed an iguana
   133 | D:5      | Noticed a water moccasin
   143 | D:5      | Noticed a scorpion
   154 | D:5      | Noticed a bombardier beetle
   158 | D:5      | Noticed an ogre
   166 | D:5      | Noticed a jelly
   193 | D:5      | Noticed a yak
   263 | D:5      | Noticed a bombardier beetle
   319 | D:5      | Found a glowing drain.
   332 | Sewer    | Entered a sewer
   354 | Sewer    | Reached XP level 2. HP: 9/16 MP: 3/3
   413 | Sewer    | Slain by a river rat

Illustrated notes

Levels and vault maps discovered:
D:4:      layout_loops_ring, nicolae_wu_jian_immortal_techniques,
          mainiacjoe_overflow_alcove_1, grunt_temple_overflow_cloverleaf,
          serial_shops, shop, nicolae_shop_dealshenge, hangedman_decor_push,
          wad_orctagon
D:5:      layout_basic, cheibrodos_sewer_entry_bend, uniq_eustachio
Sewer:    sewer_co_scattered_pipes

Action                     || total
---------------------------++-------
  Melee: Short sword       ||    36
  Evoke: Wand              ||     1
    Use: Potion            ||     1
 Armour: Robe              ||    16
  Dodge: Dodged            ||    55
